AoeStats
← rexxar

Pilgrims

509455193Analyzed
4v4 RM · 6d ago on Sep 26, 2026· 39m 39s· 8 players
Game mode
Random Map
Map size
Large (8 player)
Population
200
Speed
Normal
Resources
Standard
Victory
Conquest
Starting age
Dark Age
Ending age
Imperial Age
RankedLock teamsTeams togetherTeam positionsShared explorationLock speedFull tech treeHidden civsTurbo modeCheats
Victory
Defeat
🇨🇴 Britons · Colombia
1258
+12
🇪🇸 Teutons · Spain
1257
+12
🇭🇺 Persians · Hungary
1223
+14
🇸🇰 Vikings · Slovakia
1183
+15
🇺🇸 Saxons · United States
1210
-15
🇵🇪 Koreans · Peru
1172
-13
🇦🇷 Romans · Argentina
1162
-13
🇺🇸 Franks · United States
1149
-12
[H] Sir Benedict
9:58 Feudal Age
11:13 Double-Bit Axe
12:48 Stone Mining
15:14 Castle Age
16:51 Wheelbarrow
16:02 Loom
19:01 Fletching
20:24 Bodkin Arrow
31:39 Bow Saw
34:17 Bloodlines
34:47 Husbandry
35:29 Scale Barding Armor
35:36 Forging
35:59 Horse Collar
Cr3wCo
11:08 Feudal Age
12:15 Loom
15:00 Castle Age
13:35 Double-Bit Axe
14:59 Forging
14:40 Fletching
16:09 Medium Warships
15:40 Fishing Lines
16:25 Bow Saw
16:54 Wheelbarrow
16:05 Town Watch
17:24 Bodkin Arrow
20:16 Gold Mining
20:55 Crossbowman
21:37 Padded Archer Armor
23:54 Stone Mining
26:05 Leather Archer Armor
26:57 Gillnets
28:27 Ballistics
30:54 Hand Cart
30:57 Horse Collar
36:17 Imperial Age
34:32 Masonry
34:04 Treadmill Crane
34:19 Murder Holes
36:02 Heavy Plow
36:42 Gold Shaft Mining
36:57 Town Patrol
37:25 Conscription
37:40 Hoardings
36:45 Arbalester
37:47 Bracer
38:17 Ring Archer Armor
38:53 Chemistry
Kebab do ruky
11:07 Feudal Age
13:39 Double-Bit Axe
14:41 Fletching
16:44 Fishing Lines
20:44 Castle Age
21:27 Loom
22:03 Medium Warships
23:16 Forging
23:30 Gillnets
24:01 Bodkin Arrow
25:14 Scale Mail Armor
28:02 Chain Mail Armor
28:26 Bow Saw
30:41 Iron Casting
30:25 Clinker Construction
31:13 Chieftains
31:47 Squires
32:18 Town Watch
36:31 Imperial Age
34:35 Pikeman
35:26 Murder Holes
36:39 Elite Varangian Guard
38:53 Plate Mail Armor
DonQuijote
11:22 Loom
14:05 Feudal Age
14:41 Fishing Lines
14:48 Double-Bit Axe
19:02 Castle Age
17:02 Fletching
19:25 Horse Collar
20:02 Bodkin Arrow
21:09 Gillnets
21:30 Guard Tower
22:43 Wheelbarrow
22:27 Bow Saw
22:18 Heavy Plow
26:29 Ballistics
27:59 Hand Cart
27:30 Town Watch
33:31 Imperial Age
34:36 Scale Mail Armor
36:39 Elite Teutonic Knight
40:44 Chemistry
39:50 Siege Engineers
40:32 Keep
BaronDC
10:52 Feudal Age
10:03 Loom
13:44 Fletching
14:24 Fletching
19:12 Castle Age
17:20 Scale Mail Armor
18:53 Man-at-Arms
20:19 Chain Mail Armor
19:53 Gambesons
27:06 Double-Bit Axe
29:25 Long Swordsman
35:11 Forging
34:50 Arson
rexxar
4:19 Loom
11:32 Feudal Age
12:34 Fishing Lines
13:08 Double-Bit Axe
15:52 Castle Age
17:05 Husbandry
18:33 Wheelbarrow
28:10 Town Watch
29:52 Gold Mining
31:22 Bow Saw
31:30 Hand Cart
35:08 Gold Shaft Mining
37:25 Imperial Age
acua
5:34 Loom
12:55 Feudal Age
14:23 Wheelbarrow
13:33 Town Watch
13:36 Double-Bit Axe
13:43 Gold Mining
19:44 Castle Age
17:37 Fletching
17:47 Stone Mining
19:12 Fishing Lines
20:27 Bodkin Arrow
21:43 Horse Collar
22:31 Bow Saw
31:00 Gold Shaft Mining
31:14 Stone Shaft Mining
33:30 Imperial Age
31:48 Arson
32:04 Squires
31:25 Pikeman
33:25 Husbandry
33:31 Eupseong
33:51 Hand Cart
33:36 Town Patrol
34:50 Conscription
35:56 Chemistry
35:16 Ballistics
35:43 Bracer
37:27 Two-Man Saw
Alvaroski
7:59 Loom
11:06 Feudal Age
11:34 Double-Bit Axe
11:14 Man-at-Arms
14:53 Forging
18:39 Castle Age
17:36 Scale Mail Armor
19:06 Fletching
18:56 Long Swordsman
22:44 Squires
Connection lost

Rejoining the realm…

Still unreachable

The connection could not be restored.

Session expired

The server has moved on; the page needs a fresh start.